 Dungeon Crawl Stone Soup version 0.23-a0-143-g1adec7b (webtiles) character file.

56 Gorice the Chopper (level 3, 0/31 HPs)
             Began as a Hill Orc Monk on Sept 2, 2018.
             Slain by an iguana (4 damage)
             ... on level 3 of the Dungeon.
             The game lasted 00:06:35 (2126 turns).

Gorice the Chopper (Hill Orc Monk)                  Turns: 2126, Time: 00:06:36

Health: 0/31       AC: 10    Str: 14    XL:     3   Next: 95%
Magic:  3/3        EV:  4    Int: 10    God:
Gold:   60         SH:  0    Dex: 13    Spells: 2/2 levels left

rFire    . . .     SeeInvis .   a - +1 hand axe
rCold    . . .     Gourm    .   (no shield)
rNeg     . . .     Faith    .   i - +0 plate armour
rPois    .         Spirit   .   (no helmet)
rElec    .         Reflect  .   (no cloak)
rCorr    .         Harm     .   (no gloves)
MR       .....                  (no boots)
Stlth    ..........             (no amulet)
HPRegen  0.10/turn              (no ring)
MPRegen  0.08/turn              (no ring)

@: very slightly contaminated, invisible
A: no striking features
a: no special abilities


You were on level 3 of the Dungeon.
You were not hungry.

You visited 1 branch of the dungeon, and saw 3 of its levels.

You collected 60 gold pieces.

Inventory:

Hand Weapons
 a - a +1 hand axe (weapon)
Missiles
 e - 8 needles of sleeping
 q - 8 tomahawks (quivered)
 Y - 9 stones
Armour
 b - a +0 robe
 f - a +0 ring mail
 i - a +0 plate armour (worn)
Potions
 d - a potion of flight
 g - a potion of brilliance {!q}
 j - a potion of might {unknown}
 k - a potion of degeneration {unknown}
Comestibles
 c - 3 rations


   Skills:
 - Level 3.6 Fighting
 * Level 5.8 Axes
 + Level 1.4 Armour
 - Level 2.4 Dodging
 - Level 1.5 Stealth


You had 2 spell levels left.
You didn't know any spells.
Your spell library was empty.

Dungeon Overview and Level Annotations

Branches:
Dungeon (3/15)

Altars:

Annotations:
D:1 vpUX: glass wall vault needs dig
D:2 1 runed door: Yiuf


Message History

It was a scroll of blinking.
As you read the scroll labeled GEABUA CIPNEU, it crumbles to dust.
You feel blessed for a moment.
It was a scroll of remove curse.
You start waiting.
Your surroundings suddenly seem different.
There is a stone staircase leading down here.
You climb downwards.
An iguana comes into view.
The iguana hisses angrily.
Found four items.
There is a stone staircase leading up here.
The iguana bites you but does no damage.
Found 12 arrows.
You hit the iguana.
The iguana is lightly wounded.
The iguana bites you!
Damage: 8 (max 8)
You hit the iguana but do no damage.
The iguana is lightly wounded.
The iguana bites you.
Damage: 3 (max 8)
You barely miss the iguana.
The iguana is lightly wounded.
The iguana bites you.
Damage: 1 (max 8)
Your plate armour prevents you from hitting the iguana.
The iguana is lightly wounded.
The iguana bites you but does no damage.
You hit the iguana.
The iguana is moderately wounded.
The iguana barely misses you.
You hit the iguana.
The iguana is heavily wounded.
The iguana completely misses you.
You hit the iguana but do no damage.
The iguana is heavily wounded.
The iguana bites you!
* * * LOW HITPOINT WARNING * * *
Damage: 8 (max 8)
The iguana bites you.
* * * LOW HITPOINT WARNING * * *
Damage: 4 (max 8)
The iguana bites you.
* * * LOW HITPOINT WARNING * * *
Damage: 5 (max 8) Unknown command.
Really quaff
h - a potion of invisibility {!q}?
You fade into invisibility!
The iguana bites you.
You die...

..# #.. #?# #.. #.#
#...####.######
#...#.........
###...#.##.#..#
.............$#
..........<.@/###...
...........l..?.....
###...#.####........
#.. #.. ........#
#.# .##########.##
#( ## # .


You could see an iguana.

Vanquished Creatures
  An ooze (D:2)
  3 worms (D:2)
  2 dart slugs
  2 leopard geckos
  6 bats
  2 giant cockroaches (D:2)
  2 goblins
  5 hobgoblins
  2 jackals (D:2)
  4 frilled lizards
  4 kobolds
  6 rats
39 creatures vanquished.

Notes
Turn   | Place    | Note
-------+----------+-------------------------------------------
     0 | D:1      | Gorice the Hill Orc Monk began the quest for the Orb.
     0 | D:1      | Reached XP level 1. HP: 19/19 MP: 1/1
   144 | D:1      | Reached XP level 2. HP: 26/26 MP: 2/2
   438 | D:1      | Reached skill level 5 in Axes
   805 | D:2      | Reached XP level 3. HP: 31/31 MP: 3/3
  1136 | D:2      | Reached skill level 1 in Armour
  1519 | D:2      | Found a runed door.
  2124 | D:3      | HP: 8/31 [iguana (4)]
  2125 | D:3      | HP: 3/31 [iguana (5)]
  2126 | D:3      | Slain by an iguana

Vault maps used:
D:1:      lightli_arrival_boilingwater, due_unseen_surprise
D:2:      uniq_crazy_yiuf_cottage

Skill      XL: |  1  2  3 |
---------------+----------+-----
Axes           | 5 |  5.8
Armour         | 1 |  1.4
Fighting       | |  3.6
Dodging        | |  2.4
Stealth        | |  1.5

Action                   || total
-------------------------++-------
Melee: Hand axe          ||   167
  Use: Scroll            ||     8
       Potion            ||     1
  Eat: Chunk             ||     4
Armor: Robe              ||     3
       Plate armour      ||    80
       Ring mail         ||     8
Dodge: Dodged            ||    52

Table legend:
 A = Non-vault XP
 B = Vault XP
 C = Vault XP percentage of total XP
 D = Non-vault monster count
 E = Vault monster count
 F = Vault count percentage of total count
                 A         B        C        D         E       F
            +---------+---------+-------+---------+---------+-------
      Total |      80 |       0 |   0.0 |      39 |       0 |   0.0
            +---------+---------+-------+---------+---------+-------
        D:1 |      25 |       0 |   0.0 |      16 |       0 |   0.0
        D:2 |      55 |       0 |   0.0 |      23 |       0 |   0.0
            +---------+---------+-------+---------+---------+-------

Table legend:
 A = Turns spent in this place as a percentage of turns spent in the entire game.
 B = Non-inter-level travel turns spent in this place as a percentage of non-inter-level travel turns spent in the entire game.
 C = Inter-level travel turns spent in this place as a percentage of turns spent in this place.
 D = Turns resting spent in this place as a percentage of non-inter-level travel turns spent in this place.
 E = Turns spent auto-exploring this place as a percentage of non-inter-level travel turns spent in this place.
 F = Non-inter-level travel turns spent in this place divided by the number of levels of this place that you've seen.
                   A       B       C       D       E      F
               +-------+-------+-------+-------+-------+----------------------
         Total | 100.0 | 100.0 |   2.7 |  18.8 |  55.1 | 689.7
       Dungeon | 100.0 | 100.0 |   2.7 |  18.8 |  55.1 | 689.7
               +-------+-------+-------+-------+-------+----------------------

Vault maps used:
D:1:      lightli_arrival_boilingwater, due_unseen_surprise
D:2:      uniq_crazy_yiuf_cottage
